 Dungeon Crawl Stone Soup version 0.16.1-16-gc44b35d (webtiles) character file.

1570 Golfball the Covered (level 8, -4/51 HPs)
             Began as a Gargoyle Berserker on Apr 20, 2015.
             Was a Priest of Trog.
             Slain by a komodo dragon (15 damage)
             ... on level 7 of the Dungeon.
             The game lasted 00:37:18 (6880 turns).

Golfball the Covered (Gargoyle Berserker)           Turns: 6880, Time: 00:37:19

Health: -4/51      AC: 22    Str: 24    XL:     8   Next: 90%
Magic:  12/12      EV:  5    Int:  7    God:    Trog [***...]
Gold:   287        SH:  7    Dex:  9    Spells: 0 memorised, 7 levels left

rFire  . . .     SeeInvis .     x - +3 mace
rCold  . . .     Clarity  .     J - +0 plate armour
rNeg   + . .     SustAb   .     I - +0 shield
rPois  ∞         Gourm    .     j - +2 hat
rElec  +         Spirit   .     (no cloak)
rCorr  .         Warding  .     (no gloves)
rMut   .         Rnd*Tele +     (no boots)
MR     ++...                    (no amulet)
Stlth  ..........               F - ring of teleportation (curse)
                                u - +2 ring of protection

@: regenerating, very resistant to hostile enchantments, extremely unstealthy
A: negative energy resistance 1, electricity resistance, unbreathing,
petrification resistance, rot immunity, AC +5
a: Burn Spellbooks, Berserk, Trog's Hand, Renounce Religion, Evoke Teleportation


You were on level 7 of the Dungeon.
You worshipped Trog.
Trog was most pleased with you.
You were hungry.

You visited 1 branch of the dungeon, and saw 7 of its levels.

You collected 287 gold pieces.

Inventory:

Hand weapons
 a - a +2 falchion
 g - a +3 dagger of venom
 x - a +3 mace (weapon)
 D - a +0 hand axe
Armour
 j - a +2 hat (worn)
 I - a +0 shield (worn)
 J - a +0 plate armour (worn)
Jewellery
 u - a +2 ring of protection (left hand)
 B - an uncursed ring of stealth
 F - a cursed ring of teleportation (right hand)
 K - a +3 ring of intelligence {unknown}
Magical devices
 d - a wand of draining (0)
 v - a wand of magic darts (29)
 E - a wand of lightning (4)
Scrolls
 f - 2 scrolls of blinking
 h - a scroll of magic mapping
 i - 2 scrolls of immolation
 n - 3 scrolls of fear
 C - a scroll of identify
 G - a scroll of teleportation
Potions
 e - a potion of might
 l - a potion of haste {unknown}
 m - 2 potions of brilliance
 p - a potion of lignification
 q - a potion of restore abilities {unknown}
 r - a potion of degeneration {unknown}
 s - a potion of heal wounds {unknown}
 t - a potion of flight {unknown}
 z - a potion of curing
 A - a potion of berserk rage {unknown}
 H - a potion of mutation {unknown}
Miscellaneous
 y - a phantom mirror
Comestibles
 b - 3 meat rations
 c - 3 bread rations
 k - 3 fruits
 o - 3 slices of pizza
 w - a beef jerky


   Skills:
 + Level 5.9 Fighting
 + Level 1.1(3.2) Short Blades
 + Level 4.8(5.0) Long Blades
 * Level 3.3 Maces & Flails
 + Level 6.2 Armour
 + Level 4.1 Dodging
 + Level 0.2 Stealth
 * Level 3.0 Evocations


You had 7 spell levels left.
You didn't know any spells.

Dungeon Overview and Level Annotations

Branches:
Dungeon (7/15)             Temple (0/1) D:7

Altars:
Elyvilon
Qazlal


Innate Abilities, Weirdness & Mutations

You are resistant to torment.
You are immune to poison.
Your stone body is very resilient (AC +5).
You resist negative energy.
You are resistant to electric shocks.
You can survive without breathing.
You are immune to petrification.
You are immune to rotting.


Message History

The komodo dragon bites you! x2
You hit the komodo dragon.
The komodo dragon is lightly wounded.
The komodo dragon bites you but does no damage.
You hit the komodo dragon.
The komodo dragon is moderately wounded.
The komodo dragon bites you but does no damage.
You are feeling hungry.
You barely miss the komodo dragon.
The komodo dragon is moderately wounded.
The komodo dragon bites you but does no damage.
You hit the komodo dragon but do no damage.
The komodo dragon is moderately wounded.
You block the komodo dragon's attack. The komodo dragon bites you!
* * * LOW HITPOINT WARNING * * *
Use which ability? (? or * to list)
Your skin crawls.
You feel resistant to hostile enchantments.
You feel slightly more hungry. The komodo dragon bites you!
You die...

#.........# ##.#
###.####### #######.#.#
##..# #.......... #.#.#
#.#.# #.#.######.
#.#.##.###.####>#.# #.
#(#.#.# #.......# ###.
#.#.##.###.#.###### #...
#.#.## .#.##.#########...
#....###..#..##..........
#.[.....@l.#....######...
##...###.##..#### #...
##.## #.##..# ###.
#.####.##.(## #.
#...........# #.
##########(.###### #.
#.......# #. ##.####.# #.
#.# #.#####.


You could see a komodo dragon.

Vanquished Creatures
  Purgy (D:3)
  2 ogres
  2 centaurs (D:6)
  The ghost of Arctor the Magician, an average DEWz (D:3)
  2 giant frogs (D:6)
  3 goliath beetles (D:6)
  A centaur zombie (D:7)
  2 crimson imps
  3 hounds
  2 orc priests (D:6)
  A jelly (D:5)
  2 iguanas
  4 worker ants
  6 orc wizards
  A killer bee zombie (D:5)
  Ijyb (D:3)
  A hound zombie (D:6)
  A hound skeleton (D:4)
  A worker ant zombie (D:6)
  A gnoll (D:5)
  5 adders
  A shadow imp (D:6)
  A giant mite (D:4)
  4 worms
  An adder zombie (D:6)
  3 giant geckos
  An ooze (D:5)
  15 orcs
  A ball python (D:3)
  3 bat zombies
  4 giant cockroaches
  11 hobgoblins
  12 jackals
  10 kobolds
  2 quokkas
  10 bats
  A giant newt (D:4)
  4 goblins
  A jackal skeleton (D:4)
  A jackal zombie (D:6)
  A quokka skeleton (D:3)
  A quokka zombie (D:5)
  14 rats
  2 rat zombies (D:5)
147 creatures vanquished.

Vanquished Creatures (others)
  A quokka (D:6)
1 creature vanquished.

Grand Total: 148 creatures vanquished

Notes
Turn   | Place    | Note
--------------------------------------------------------------
     0 | D:1      | Golfball, the Gargoyle Berserker, began the quest for the Orb.
     0 | D:1      | Reached XP level 1. HP: 14/14 MP: 1/1
   313 | D:1      | Reached XP level 2. HP: 5/19 MP: 2/2
  1050 | D:2      | Reached XP level 3. HP: 21/24 MP: 3/3
  1823 | D:3      | Acquired Trog's second power
  1858 | D:3      | Reached XP level 4. HP: 21/29 MP: 4/4
  2255 | D:3      | Reached skill level 4 in Fighting
  2255 | D:3      | Reached XP level 5. HP: 18/33 MP: 5/5
  2325 | D:3      | Noticed Arctor's ghost (average DEWz)
  2330 | D:3      | Killed Arctor's ghost
  2355 | D:3      | Noticed Purgy
  2387 | D:3      | Killed Purgy
  2387 | D:3      | Reached XP level 6. HP: 12/39 MP: 6/6
  2669 | D:3      | Noticed Ijyb
  2686 | D:3      | Killed Ijyb
  3681 | D:5      | Entered Level 5 of the Dungeon
  3790 | D:5      | Reached XP level 7. HP: 44/44 MP: 7/7
  3817 | D:5      | Reached skill level 5 in Fighting
  3817 | D:5      | Reached skill level 1 in Maces & Flails
  4157 | D:5      | Reached skill level 1 in Evocations
  4241 | D:5      | Reached skill level 1 in Short Blades
  4599 | D:5      | Found a stormy altar of Qazlal.
  5053 | D:6      | Reached skill level 5 in Armour
  5072 | D:6      | Identified a scroll of acquirement
  5093 | D:6      | Reached XP level 8. HP: 40/49 MP: 10/10
  5167 | D:6      | Found a white marble altar of Elyvilon.
  6112 | D:6      | Reached skill level 6 in Armour
  6252 | D:7      | Found a staircase to the Ecumenical Temple.
  6868 | D:7      | Noticed a komodo dragon
  6880 | D:7      | Slain by a komodo dragon

Action                   |  1- 3 |  4- 6 |  7- 9 || total
-------------------------+-------+-------+-------++-------
Melee: Falchion          |   108 |   135 |   250 ||   493
       Dagger            |       |    71 |    67 ||   138
       Mace              |       |       |    38 ||    38
Invok: Trog's Hand       |       |     4 |     2 ||     6
       Berserk           |       |     4 |       ||     4
       Burn Spellbooks   |       |     1 |       ||     1
  Use: Scroll            |     5 |     7 |     5 ||    17
       Potion            |       |       |     2 ||     2
  Eat: Chunk             |     3 |    11 |    10 ||    24
